 Dungeon Crawl Stone Soup version 0.31-a0-277-g31ea1f6 (webtiles) character file.

Game seed: 13737844786431075365

29096 Dawnplanks the Stormcaller (level 13, -15/67 HPs)
             Began as a Tengu Air Elementalist on July 15, 2023.
             Was an Elder of Vehumet.
             Killed from afar by a frost giant (19 damage)
             ... with a bolt of cold
             ... in an ice cave.
             The game lasted 00:50:04 (17387 turns).

Dawnplanks the Stormcaller (TeAE)                  Turns: 17387, Time: 00:50:05

Health: -15/67     AC:  8    Str:  9    XL:     13   Next: 43%
Magic:  27/30      EV: 21    Int: 19    God:    Vehumet [****..]
Gold:   901        SH:  0    Dex: 16    Spells: 22/37 levels left

rFire   . . .        H - staff of air
rCold   + . .        (no shield)
rNeg    . . .        C - +0 steam dragon scales
rPois   .            (helmet restricted)
rElec   +            V - +0 cloak
rCorr   .            Y - +1 pair of gloves
SInv    .            (boots unavailable)
Will    .....        N - amulet of regeneration
Stlth   ++           f - ring of wizardry
HPRegen 1.11/turn    O - ring of protection from cold
MPRegen 0.22/turn

%: wizardry (x1)
@: flying quickly and evasively, quick
A: beak, talons 3, nimble flight
a: Renounce Religion


You were in an ice cave.
You worshipped Vehumet.
Vehumet was greatly pleased with you.
You visited 3 branches of the dungeon, and saw 14 of its levels.
You also visited: Ice Cave.

You collected 901 gold pieces.

Inventory:

Hand Weapons
 a - the +6 shillelagh "Devastator" {shatter}
   (You found it on level 5 of the Dungeon)
Armour
 o - a +1 chain mail of cold resistance
 C - +0 steam dragon scales (worn)
 V - a +0 cloak (worn)
 Y - a +1 pair of gloves (worn)
Magical Staves
 H - a staff of air (weapon)
 L - a staff of conjuration
Jewellery
 f - a ring of wizardry (left hand)
 p - an amulet of magic regeneration
 y - a ring of poison resistance
 N - an amulet of regeneration (around neck)
 O - a ring of protection from cold (right hand)
 W - a ring of fire
 Z - a ring of see invisible
Wands
 c - a wand of paralysis (25)
 e - a wand of flame (14)
 w - a wand of roots (13)
 A - a wand of polymorph (7)
 M - a wand of mindburst (6)
 R - a wand of digging (8)
Scrolls
 h - 2 scrolls of silence {unknown}
 q - 2 scrolls of immolation {unknown}
 r - 2 scrolls of amnesia {unknown}
 t - 5 scrolls of revelation
 u - a scroll of noise {unknown}
 v - 2 scrolls of fog {unknown}
 B - 2 scrolls of acquirement {unknown}
 F - 4 scrolls of torment {unknown}
 G - 5 scrolls of enchant weapon
 K - a scroll of enchant armour {unknown}
 Q - 2 scrolls of vulnerability {unknown}
 S - a scroll of blinking {unknown}
 T - a scroll of butterflies {unknown}
 U - 2 scrolls of teleportation {unknown}
Potions
 b - a potion of magic
 d - 4 potions of attraction
 g - 7 potions of curing
 i - a potion of heal wounds {unknown}
 j - 3 potions of brilliance
 k - a potion of haste
 l - 2 potions of berserk rage
 m - a potion of enlightenment
 n - a potion of invisibility {unknown}
 s - a potion of lignification {unknown}
 D - a potion of might {unknown}
 I - a potion of mutation {unknown}
 J - a potion of cancellation {unknown}


   Skills:
 + Level 2.2 Fighting
 * Level 10.6 Dodging
 - Level 2.0 Stealth
 + Level 12.6 Spellcasting
 + Level 9.5 Conjurations
 - Level 2.0 Ice Magic
 + Level 17.3 Air Magic


You had 22 spell levels left.
You knew the following spells:

 Your Spells              Type           Power      Damage    Failure   Level
a - Shock                 Conj/Air       100%       1d9       0%          1
b - Static Discharge      Conj/Air       100%       2-7/arc   1%          2
c - Swiftness             Air            86%        N/A       0%          3
d - Airstrike             Air            43%        2d(7-23)  1%          4
e - Freezing Cloud        Conj/Ice/Air   32%        6-21      1%          5

Your spell library contained the following spells:

 Spells                   Type           Power      Damage    Failure   Level
 Dazzling Flash           Conj/Hex       60%        N/A       1%          3
 Sandblast                Erth           22%        2d7       1%          1
 Cigotuvi's Dreadful Rot  Necr/Pois/Air  100%       N/A       1%          2
 Stone Arrow              Conj/Erth      60%        3d10      1%          3
 Ignite Poison            Fire/Tmut/Pois 11%        N/A       2%          3
 Passwall                 Tmut/Erth      9%         N/A       3%          2


Dungeon Overview and Level Annotations

Branches:
Dungeon (11/15)            Temple (1/1) D:4            Lair (2/5) D:11
    Orc (0/2) D:9           IceCv (1/1)
  Swamp: Lair:2-3    Shoals: Lair:2-3     Snake: Lair:2-3    Spider: Lair:2-3

Altars:
Ashenzari
Cheibriados
Dithmenos
Elyvilon
Fedhas
Gozag
Hepliaklqana
Kikubaaqudgha
Makhleb
Nemelex Xobeh
Okawaru
Qazlal
Ru
Sif Muna
Trog
Uskayaw
Vehumet
Wu Jian
Xom
Yredelemnul
Zin
The Shining One


Innate Abilities, Weirdness & Mutations

You have a beak for a mouth.
You have claws for feet.
Your magical nature lets you fly swiftly and evasively.


Message History

You feel a surge of power!
The air twists around and strikes the frost giant!
The frost giant is heavily wounded.
The frost giant casts a spell at you. The bolt of cold misses you.
Casting: Airstrike (safe; 1% risk of failure)
Confirm with . or Enter, or press ? or * to list all spells.
Aiming: Airstrike (safe; 1% risk of failure)
Press: ? - help, Dir - move target, f/p - frost giant
Aim: a frost giant, wielding a +0 battleaxe of freezing (heavily wounded, empty space bonus: 4/8)
You feel a surge of power!
The air twists around and strikes the frost giant!!
The frost giant is severely wounded.
The frost giant points at you and mumbles some strange words.
The bolt of cold hits you! You resist.
Casting: Airstrike (safe; 1% risk of failure)
Confirm with . or Enter, or press ? or * to list all spells.
Aiming: Airstrike (safe; 1% risk of failure)
Press: ? - help, Dir - move target, f/p - frost giant
Aim: a frost giant, wielding a +0 battleaxe of freezing (severely wounded, empty space bonus: 4/8)
You feel a surge of power!
The air twists around and strikes the frost giant!
The frost giant is almost dead.
The frost giant points at you and mumbles some strange words.
The bolt of cold hits you!! You resist. Magic courses through your body.
Casting: Airstrike (safe; 1% risk of failure)
Confirm with . or Enter, or press ? or * to list all spells.
Aiming: Airstrike (safe; 1% risk of failure)
Press: ? - help, Dir - move target, f/p - frost giant
Aim: a frost giant, wielding a +0 battleaxe of freezing (severely wounded, empty space bonus: 2/8)
You feel a surge of power!
The air twists around and strikes the frost giant!
The frost giant is almost dead.
The frost giant gestures at you while chanting.
The bolt of cold hits you!! You resist.
* * * LOW HITPOINT WARNING * * *
The frost giant gestures at you while chanting.
The bolt of cold hits you!! You resist.
You die...

#..###.# #
#..##..# #
#.###.## ##
##.##.## ##.
#..##.# #######..
#.###.###.##..#.#
##.###C##.#....###
##..##..#.##.....#
#.@###.##Y##..#.##
##.###.#.##..####
#C.#..#.##.####
##.#.##.#...#.#
#...#.##.##.####
#...#Y##.####..##
##.##..#..###C..#
####Y.##.##.#..#
#..##..#.#...


You could see a frost giant.

Vanquished Creatures
  A hydra (Lair:2)
  5 death yaks (IceCv)
  A boulder beetle (D:11)
  Joseph (D:10)
  A black mamba (Lair:1)
  7 cane toads
  A rime drake (Lair:1)
  3 kobold demonologists
  2 komodo dragons (Lair:1)
  A troll (D:10)
  A hornet (D:5)
  5 polar bears
  Grinder (D:6)
  10 blink frogs (Lair:1)
  Sigmund (D:4)
  3 slime creatures (D:11)
  A shadow (D:11)
  2 wyverns
  A wraith (D:11)
  54 yaks
  4 basilisks (Lair:1)
  3 steam dragons
  8 vampire mosquitoes
  3 acid dragons
  4 water moccasins
  5 orc warriors
  3 ice beasts
  A sky beast (D:7)
  5 ogres (D:5)
  9 wolves (IceCv)
  5 centaurs
  7 bullfrogs
  3 kobold brigands
  A gnoll sergeant (D:8)
  2 scorpions
  12 wights
  24 killer bees
  2 electric eels (D:11)
  2 howler monkeys (D:10)
  2 hounds
  2 jellies
  6 orc priests
  A gnoll bouda (D:9)
  5 orc wizards
  3 iguanas
  8 gnolls
  10 adders
  A shadow imp (D:7)
  A white imp (D:7)
  A worm (D:2)
  A dart slug (D:1)
  51 orcs
  5 bats (D:1)
  7 endoplasms
  A giant cockroach (D:1)
  9 hobgoblins
  7 jackals
  2 quokkas
  5 ball pythons
  2 frilled lizards
  7 goblins
  28 kobolds
  6 rats
376 creatures vanquished.

Notes
Turn   | Place    | Note
-------+----------+-------------------------------------------
     0 | D:1      | Dawnplanks the Tengu Air Elementalist began the quest for
                  | the Orb.
     0 | D:1      | Reached XP level 1. HP: 10/10 MP: 4/4
   175 | D:1      | Reached XP level 2. HP: 16/16 MP: 3/6
   505 | D:1      | Learned a level 2 spell: Static Discharge
   560 | D:1      | Reached XP level 3. HP: 20/20 MP: 4/7
   803 | D:1      | Reached skill level 5 in Air Magic
  1258 | D:2      | Reached XP level 4. HP: 18/24 MP: 7/9
  1386 | D:2      | Learned a level 3 spell: Swiftness
  1453 | D:2      | Found a faded altar of an unknown god.
  2437 | D:3      | Gained mutation: Your magical nature lets you fly swiftly
                  | and evasively. [Tengu growth]
  2437 | D:3      | Reached XP level 5. HP: 28/28 MP: 6/10
  2591 | D:3      | Learned a level 4 spell: Airstrike
  2814 | D:4      | Reached skill level 6 in Air Magic
  2885 | D:4      | Identified the +5 trident of the Fuzzy God {venom, rCorr
                  | MP-9 Dex+5}
  2916 | D:4      | Reached XP level 6. HP: 33/33 MP: 7/12
  3015 | D:4      | Noticed Sigmund
  3017 | D:4      | Killed Sigmund
  3092 | D:4      | Found a staircase to the Ecumenical Temple.
  3103 | Temple   | Entered the Ecumenical Temple
  3388 | D:4      | Reached skill level 7 in Air Magic
  3388 | D:4      | Reached XP level 7. HP: 37/37 MP: 9/14
  3572 | D:4      | Found a sparkling altar of Nemelex Xobeh.
  3976 | D:5      | Entered Level 5 of the Dungeon
  3988 | D:5      | Reached skill level 1 in Fighting
  4075 | D:5      | Found a hazy altar of Hepliaklqana.
  4358 | D:5      | Reached skill level 5 in Spellcasting
  4358 | D:5      | Reached skill level 8 in Air Magic
  4619 | D:5      | Noticed a hornet
  4624 | D:5      | Killed a hornet
  4625 | D:5      | Reached XP level 8. HP: 43/43 MP: 6/17
  4797 | D:5      | Reached skill level 9 in Air Magic
  5517 | D:5      | Found the +6 shillelagh "Devastator" {shatter}
  5573 | D:6      | Noticed Grinder
  5575 | D:6      | Killed Grinder
  5576 | D:6      | Reached skill level 10 in Air Magic
  5813 | D:6      | Reached XP level 9. HP: 47/47 MP: 11/20
  6597 | D:6      | Reached skill level 5 in Conjurations
  7301 | D:7      | Reached skill level 11 in Air Magic
  7807 | D:7      | Found an opulent altar of Gozag.
  7823 | D:7      | Found a broken altar of Ashenzari.
  7950 | D:7      | Found a hide-covered altar of Uskayaw.
  7959 | D:7      | Found a stormy altar of Qazlal.
  8243 | D:8      | Reached skill level 5 in Dodging
  8243 | D:8      | Reached XP level 10. HP: 52/52 MP: 18/23
  8327 | D:8      | Found a hazy altar of Hepliaklqana.
  8520 | D:8      | Reached skill level 12 in Air Magic
  8709 | D:8      | Learned a level 5 spell: Freezing Cloud
  9105 | D:8      | Found a blossoming altar of Fedhas.
  9322 | D:9      | Found an ancient bone altar of Kikubaaqudgha.
  9394 | D:9      | Reached skill level 1 in Ice Magic
 10190 | D:9      | Found a radiant altar of Vehumet.
 10224 | D:9      | Became a worshipper of Vehumet
 10468 | D:9      | Found a staircase to the Orcish Mines.
 10587 | D:9      | Reached skill level 13 in Air Magic
 10809 | D:10     | Entered Level 10 of the Dungeon
 10809 | D:10     | Noticed a kobold demonologist
 10809 | D:10     | Noticed a kobold demonologist
 10809 | D:10     | Noticed a kobold demonologist
 10815 | D:9      | Killed a kobold demonologist
 10816 | D:9      | Reached XP level 11. HP: 54/56 MP: 14/25
 10875 | D:10     | Noticed Joseph
 10881 | D:10     | Killed Joseph
 11283 | D:10     | Reached * piety under Vehumet
 11283 | D:10     | Offered knowledge of Kiss of Death by Vehumet.
 11449 | D:10     | Found an iron altar of Okawaru.
 11454 | D:10     | Reached skill level 10 in Spellcasting
 11454 | D:10     | Reached skill level 14 in Air Magic
 12510 | D:11     | Identified the +6 scale mail "Nyugoy" {rF+}
 12530 | D:11     | Reached ** piety under Vehumet
 12530 | D:11     | Offered knowledge of Poisonous Vapours by Vehumet.
 12684 | D:11     | Noticed a boulder beetle
 12702 | D:11     | Killed a boulder beetle
 12814 | D:11     | Reached skill level 15 in Air Magic
 12819 | D:11     | Reached XP level 12. HP: 51/61 MP: 14/27
 12892 | D:11     | Found a staircase to the Lair.
 13577 | D:11     | Offered knowledge of Volatile Blastmotes by Vehumet.
 13712 | Lair:1   | Entered Level 1 of the Lair of Beasts
 13713 | Lair:1   | Found the +5 Force Lance {heavy, knockback}
 14081 | Lair:1   | Reached *** piety under Vehumet
 14177 | Lair:1   | Reached skill level 16 in Air Magic
 14915 | Lair:1   | Offered knowledge of Frozen Ramparts by Vehumet.
 15158 | Lair:1   | Found the +3 Mad Mage's Maulers {Infuse+∞ VampMP -Cast}
 15357 | Lair:2   | Found a frozen archway.
 15361 | Lair:2   | Noticed a six-headed hydra
 15364 | Lair:2   | Killed a six-headed hydra
 15442 | Lair:2   | Reached skill level 10 in Dodging
 15526 | IceCv    | Entered an ice cave
 15778 | IceCv    | Reached XP level 13. HP: 65/65 MP: 24/30
 15791 | IceCv    | Reached skill level 17 in Air Magic
 16196 | IceCv    | Reached **** piety under Vehumet
 16462 | IceCv    | Offered knowledge of Dazzling Flash by Vehumet.
 17013 | IceCv    | Noticed a frost giant
 17386 | IceCv    | HP: 3/67 [frost giant/bolt of cold (23)]
 17387 | IceCv    | Killed from afar by a frost giant

Illustrated notes

Levels and vault maps discovered:
D:1:      minmay_arrival_nine_rooms, layout_rooms, serial_curves,
          eino_curves_01, eino_curves_01, eino_curves_03
D:2:      cheibrodos_helix_gallery, layout_basic, nicolae_ecumenical_pavilion,
          serial_park_tiny_2
D:3:      layout_rooms
D:4:      layout_loops_ring, nemelex_xobeh_ov_fountains_minmay,
          minmay_temple_entry_offerings, uniq_sigmund
D:5:      layout_loops_corners, nzn_hepliaklqana_mist_gate,
          dilly_guarded_unrand_devastator
D:6:      layout_loops_corners, uniq_grinder
D:7:      layout_cave_pools, mainiacjoe_overflow_alcove_2,
          nicolae_overflow_hidden_temple, nicolae_uskayaw_dance_hall,
          mainiacjoe_overflow_concentric_impassable
D:8:      layout_basic, kennysheep_nondescript, hangedman_feature_mirror
D:9:      layout_roguey, lemuel_tele_altar, overflow_temple_1_default,
          orc_0_dummy, special_room [special_room_orc]
D:10:     layout_roguey, okawaru_metal_pillars_1_2, minivault_4, uniq_joseph
D:11:     nicolae_cairo_tiling_large_dashed, layout_basic, chequers_big_river
Temple:   nicolae_temple_ecumenical_triangle
Lair:1:   layout_gridlike
Lair:2:   layout_gridlike, minmay_snake_entry_guardpost_small,
          portal_ice_cave_entry_ice_simulacra
IceCv:    ice_cave_caverns_01

Skill      XL: |  1  2  3  4  5  6  7  8  9 10 11 12 13 |
---------------+----------------------------------------+-----
Air Magic      | 5 6 7 8 10 11 13 15 16 17 | 17.3
Conjurations   | 2 3 4 5 6 7 8 9 |  9.5
Spellcasting   | 3 4 5 7 8 9 10 12 | 12.6
Fighting       | 1 2 |  2.2
Dodging        | 3 5 6 8 10 | 10.6
Ice Magic      | 2 |  2.0
Stealth        | |  2.0

Action                     |  1- 3 |  4- 6 |  7- 9 | 10-12 | 13-15 || total
---------------------------+-------+-------+-------+-------+-------++-------
  Melee: Unarmed           |    17 |       |       |       |       ||    17
         Peck              |     5 |       |     1 |    13 |     6 ||    25
         Kick              |     3 |     5 |       |    13 |     6 ||    27
         Punch             |     2 |       |       |     1 |       ||     3
         Dagger            |     5 |     1 |       |       |       ||     6
         Short sword       |       |     5 |     3 |       |       ||     8
         Staff             |       |       |     1 |    43 |    16 ||    60
   Cast: Shock             |    66 |    65 |    93 |   191 |    57 ||   472
         Airstrike         |       |     6 |    57 |   168 |    25 ||   256
         Static Discharge  |       |     2 |    12 |    83 |    58 ||   155
         Freezing Cloud    |       |       |       |     2 |     8 ||    10
         Swiftness         |       |       |       |     1 |       ||     1
  Evoke: Wand              |       |       |       |     2 |       ||     2
    Use: Scroll            |       |       |     6 |     3 |       ||     9
         Potion            |       |       |       |     1 |     1 ||     2
 Armour: Robe              |     7 |       |     2 |       |       ||     9
         Steam dragon scal |       |       |       |    16 |    13 ||    29
  Dodge: Dodged            |    13 |     5 |    14 |   194 |    67 ||   293

Table legend: (Time is in decaauts)
 A = Elapsed time spent in this place.
 B = Non-inter-level travel time spent in this place.
 C = Inter-level travel time spent in this place.
 D = Time resting spent in this place.
 E = Time spent auto-exploring this place.
 F = Levels seen in this place.
 G = Mean time per level.
                   A        B        C        D        E       F      G
               +--------+--------+--------+--------+--------+-----+--------+
         Total |  16710 |  16220 |    490 |   1705 |  12075 |  15 | 1114.0 |
       Dungeon |  13369 |  12919 |    450 |   1062 |  10235 |  11 | 1215.4 |
        Temple |     49 |     37 |     12 |      0 |     27 |   1 |   49.0 |
          Lair |   1512 |   1485 |     27 |    201 |   1032 |   2 |  756.0 |
      Ice Cave |   1778 |   1778 |      0 |    442 |    780 |   1 | 1778.0 |
               +--------+--------+--------+--------+--------+-----+--------+

Top non-repeatable levels by time:
   IceCv: 1778 daAuts
     D:9: 1677 daAuts
    D:11: 1602 daAuts
     D:6: 1450 daAuts
     D:5: 1397 daAuts
  Lair:1: 1345 daAuts
     D:1: 1246 daAuts
    D:10: 1224 daAuts
     D:8: 1221 daAuts
     D:4: 1198 daAuts
     D:2: 991 daAuts
     D:7: 852 daAuts
     D:3: 507 daAuts
  Lair:2: 166 daAuts
  Temple: 49 daAuts
